 Dungeon Crawl Stone Soup version 0.31.0-11-ge490571c62 (webtiles) character file.

Game seed: 9068939503515585422

13 qw the Shooter (level 2, 0/16 HPs)
             Began as a Deep Elf Hunter on Feb 3, 2024.
             Succumbed to their own poison gas
             ... on level 1 of the Dungeon.
             The game lasted 00:00:01 (361 turns).

qw the Shooter (Deep Elf Hunter)                     Turns: 361, Time: 00:00:02

Health: 0/16       AC:  6    Str:  8    XL:     2   Next: 24%
Magic:  4/4        EV: 10    Int: 13    God:
Gold:   69         SH:  0    Dex: 18    Spells: 1/1 levels left

rFire   . . .        a - +0 shortbow (flame)
rCold   . . .        (shield currently unavailable)
rNeg    . . .        f - +0 ring mail
rPois   .            j - +0 helmet
rElec   .            (no cloak)
rCorr   .            (no gloves)
SInv    .            (no boots)
Will    .....        (no amulet)
Stlth   +            (no ring)
HPRegen 0.22/turn    (no ring)
MPRegen 0.09/turn

%: no passive effects
@: lethally poisoned (0 -> -3)
A: no striking features
a: no special abilities


You were on level 1 of the Dungeon.
You visited 1 branch of the dungeon, and saw 1 of its levels.

You collected 69 gold pieces.


   Skills:
 - Level 1.5 Fighting
 + Level 6.1 Ranged Weapons
 - Level 2.4 Dodging
 - Level 1.2 Stealth


You had one spell level left.
You didn't know any spells.
Your spell library was empty.

Inventory:

Hand Weapons
 a - a +0 shortbow of flaming (weapon)
Armour
 f - a +0 ring mail (worn)
 j - a +0 helmet (worn)
Potions
 d - a potion of resistance {unknown}

Dungeon Overview and Level Annotations

Branches:
Dungeon (1/15)

Altars:


Message History

The air fills with toxic fumes!
As you read the scroll labelled ZIECI JAOSU, it crumbles to dust.
It was a scroll of poison.
Done exploring.
352 ||| READING scroll labelled QINUPU ULYIVAO.
As you read the scroll labelled QINUPU ULYIVAO, it dissolves into smoke.
It was a scroll of fog.
Done exploring.
353 ||| DROPPING scroll of butterflies.
You drop a scroll of butterflies.
Done exploring.
354 ||| DROPPING scroll of immolation.
You drop a scroll of immolation.
Done exploring.
What level of the Dungeon? (default 1, ? - help) Sorry, I don't know how to get there.
Enter note:
Enter note:
Enter note:
Enter note:
Enter note:
Enter note:
Enter note:
Enter note:
Enter note: You are engulfed in poison gas.
You are lethally poisoned!
You feel very sick.
356 ||| Stepping ~*~*~tactically~*~*~ (cloud).
You feel very sick.
Things that are here:
a scroll of immolation; a scroll of butterflies; a +0 leather armour
There is a lethal amount of poison in your body!
You feel very sick.
There is a lethal amount of poison in your body!
You feel sick.
There is a lethal amount of poison in your body!
You feel sick.
There is a lethal amount of poison in your body!
You feel sick.
There is a lethal amount of poison in your body!
You die...

####### ###....0######
##.....#.¤¤0¤¤#
#.P...P.##0000#
#.......##0¤¤0#
##...<.0¤##¤¤¤¤#
##.......|00¤¤0¤#
#...P...P.###¤¤0#
##.##.....## #¤¤@#
#### ...####.###
#.¤¤###..# ..........#
##00¤...## #.........#
##00¤0..#
#.........####¤0..####
#.........##..¤0.##
####..........¤0##
#####..........## ..#
#.#......###


There were no monsters in sight!

Vanquished Creatures
  A dart slug (D:1)
  A bat (D:1)
  A giant cockroach (D:1)
  2 goblins (D:1)
  A ball python (D:1)
  A frilled lizard (D:1)
  2 kobolds (D:1)
  2 rats (D:1)
11 creatures vanquished.

Notes
Turn   | Place    | Note
-------+----------+-------------------------------------------
     0 | D:1      | qw the Deep Elf Hunter began the quest for the Orb.
     0 | D:1      | Reached XP level 1. HP: 12/12 MP: 3/3
     0 | D:1      | 0 ||| qw: Version: 0.3-a-157-g843a77d
     0 | D:1      | 0 ||| qw: Game counter: 3591
     0 | D:1      | 0 ||| qw: Melee chars always use a shield: true
     0 | D:1      | 0 ||| qw: God list: Okawaru
     0 | D:1      | 0 ||| qw: Allow faded altars: false
     0 | D:1      | 0 ||| qw: Do Orc after clearing Dungeon:15 true
     0 | D:1      | 0 ||| qw: Do second Lair branch before Depths: true
     0 | D:1      | 0 ||| qw: Lair rune preference: random
     0 | D:1      | 0 ||| qw: Goals: Normal
     0 | D:1      | 0 ||| PLANNING D:1-11
   114 | D:1      | Reached skill level 6 in Ranged Weapons
   114 | D:1      | Reached XP level 2. HP: 16/16 MP: 4/4
   333 | D:1      | 333 ||| UPGRADING to +0 ring mail.
   343 | D:1      | 343 ||| DROPPING +0 leather armour.
   344 | D:1      | 344 ||| UPGRADING to +0 helmet.
   349 | D:1      | 349 ||| READING 2 scrolls labelled OJIROLE REOHOTT.
   350 | D:1      | 350 ||| READING scroll labelled NIDOVA FUPA.
   350 | D:1      | 350 ||| BRANDING +0 shortbow.
   351 | D:1      | 351 ||| READING scroll labelled ZIECI JAOSU.
   352 | D:1      | 352 ||| READING scroll labelled QINUPU ULYIVAO.
   353 | D:1      | 353 ||| DROPPING scroll of butterflies.
   354 | D:1      | 354 ||| DROPPING scroll of immolation.
   356 | D:1      | 356 ||| Stepping ~*~*~tactically~*~*~ (cloud).
   358 | D:1      | HP: 4/16 [poisoned by you (poison gas)]
   360 | D:1      | HP: 1/16 [poisoned by you (poison gas)]
   361 | D:1      | Succumbed to their own poison gas

Levels and vault maps discovered:
D:1:      dpeg_arrival_orchard, layout_rooms, minmay_tetromino_i2

Skill      XL: |  1 |
---------------+----+-----
Ranged Weapons | 6 |  6.1
Fighting       | |  1.5
Dodging        | |  2.4
Stealth        | |  1.2

Action                     || total
---------------------------++-------
   Fire: Shortbow          ||    22
    Use: Scroll            ||     4
  Dodge: Dodged            ||     2

Table legend:
 A = Non-vault XP
 B = Vault XP
 C = Vault XP percentage of total XP
 D = Non-vault monster count
 E = Vault monster count
 F = Vault count percentage of total count
                 A         B        C        D         E       F
            +---------+---------+-------+---------+---------+-------
      Total |      15 |       4 |  21.1 |       9 |       2 |  18.2
            +---------+---------+-------+---------+---------+-------
        D:1 |      15 |       4 |  21.1 |       9 |       2 |  18.2
            +---------+---------+-------+---------+---------+-------
